 Dungeon Crawl Stone Soup version 0.29.1-2-gbd0b4ee654 (webtiles) character file.

Game seed: 15069339465878488761

14919 warriortoast the Covert (level 11, -2/53 HPs)
             Began as a Spriggan Enchanter on Nov 21, 2022.
             Was a Priest of Fedhas.
             Slain by a raiju (5 damage)
             ... on level 4 of the Abyss.
             The game lasted 00:53:09 (22356 turns).

warriortoast the Covert (Spriggan Enchanter)       Turns: 22356, Time: 00:53:10

Health: -2/53      AC: 10    Str:  6    XL:     11   Next: 95%
Magic:  24/24      EV: 27    Int: 16    God:    Fedhas [***...]
Gold:   973        SH:  0    Dex: 25    Spells: 4/26 levels left

rFire   . . .      SeeInvis +   a - +3 quick blade (chaos)
rCold   . . .      Faith    .   (no shield)
rNeg    . . .      Spirit   .   R - +0 steam dragon scales
rPois   .          Reflect  .   (helmet restricted)
rElec   +          Harm     .   M - +0 cloak
rCorr   +          Rampage  .   (gloves unavailable)
Will    +....                   (boots unavailable)
Stlth   ++++++....              F - amulet of magic regeneration
HPRegen 0.17/turn               y - +6 ring of dexterity
MPRegen 0.59/turn               Q - ring "Lola" {rElec rCorr AC+4}

@: very quick
A: very small, no large weapons, unfitting armour, see invisible, speed 3
a: Renounce Religion, Wall of Briars, Grow Ballistomycete


You were on level 4 of the Abyss.
You worshipped Fedhas.
Fedhas was most pleased with you.
You visited 2 branches of the dungeon, and saw 13 of its levels.
You visited the Abyss 1 time.

You collected 973 gold pieces.

Inventory:

Hand Weapons
 a - a +3 quick blade of chaos (weapon)
 e - a +0 shortbow
 f - a +0 sling
 p - a +3 dagger of distortion
 q - a +1 dagger of electrocution
 u - a +1 dagger
 J - a +1 dagger of venom
 P - a +0 shortbow
Armour
 b - a +1 robe
 H - +0 swamp dragon scales
 M - a +0 cloak (worn)
 R - +0 steam dragon scales (worn)
 S - +1 ice dragon scales
Jewellery
 y - a +6 ring of dexterity (left hand)
 D - a ring of protection from fire
 E - a ring of poison resistance
 F - an amulet of magic regeneration (around neck)
 I - a ring of flight
 Q - the ring "Lola" (right hand) {rElec rCorr AC+4}
   (You acquired it on level 9 of the Dungeon)

   [ring of protection]

   AC:        It affects your AC (+4).
   rElec:     It insulates you from electricity.
   rCorr:     It protects you from acid and corrosion.
Wands
 r - a wand of iceblast (4)
 v - a wand of charming (14)
 x - a wand of acid (6)
 O - a wand of polymorph (3)
Scrolls
 g - a scroll of immolation
 k - a scroll of noise
 l - 2 scrolls of summoning
 m - a scroll of poison
 n - a scroll of butterflies
 t - a scroll of enchant armour
 w - 5 scrolls of blinking
 B - 3 scrolls of teleportation
 G - a scroll of magic mapping
 K - a scroll of silence {unknown}
 L - 2 scrolls of identify
Potions
 c - 2 potions of invisibility
 d - 3 potions of attraction
 h - 5 potions of curing
 i - 4 potions of mutation
 j - 2 potions of cancellation {unknown}
 o - a potion of resistance
 s - 2 potions of ambrosia {unknown}
 z - a potion of might {unknown}
 A - a potion of heal wounds
 C - 3 potions of flight {unknown}
 N - 2 potions of haste {unknown}


   Skills:
 + Level 4.0 Fighting
 - Level 5.0 Short Blades
 + Level 7.8 Ranged Weapons
 - Level 10.0 Dodging
 + Level 13.1 Stealth
 - Level 8.0 Spellcasting
 + Level 9.4 Hexes
 + Level 4.8 Poison Magic
 + Level 4.9 Invocations
 - Level 5.0 Evocations


You had 4 spell levels left.
You knew the following spells:

 Your Spells              Type           Power      Damage    Failure   Level
a - Ensorcelled Hibernat  Hex/Ice        42%        N/A       2%          2
b - Confusing Touch       Hex            36%        N/A       1%          3
c - Tukima's Dance        Hex            36%        N/A       1%          3
d - Ignite Poison         Fire/Tmut/Pois 11%        N/A       17%         3
e - Mephitic Cloud        Conj/Pois/Air  11%        N/A       17%         3
f - Dazzling Flash        Conj/Hex       42%        N/A       4%          3
g - Silence               Hex/Air        10%        N/A       41%         5

Your spell library contained the following spells:

 Spells                   Type           Power      Damage    Failure   Level
 Stone Arrow              Conj/Erth      12%        3d7       32%         3
 Animate Armour           Summ/Erth      12%        N/A       73%         4
 Animate Dead             Necr           6%         N/A       73%         4
 Petrify                  Tmut/Erth      6%         N/A       73%         4
 Metabolic Englaciation   Hex/Ice        10%        N/A       41%         5
 Agony                    Necr           6%         N/A       97%         5
 Freezing Cloud           Conj/Ice/Air   3%         6-21      97%         5
 Statue Form              Tmut/Erth      4%         N/A       100%        6
 Haunt                    Necr/Summ      3%         N/A       100%        7
 Infestation              Necr           3%         N/A       100%        8
 Lehudib's Crystal Spear  Conj/Erth      3%         10d2      100%        8


Dungeon Overview and Level Annotations

Branches:
Dungeon (12/15)            Temple (1/1) D:5            Lair (0/5) D:9
    Orc (0/2) D:9

Altars:
Ashenzari
Cheibriados
Dithmenos
Elyvilon
Fedhas
Gozag
Hepliaklqana
Kikubaaqudgha
Makhleb
Nemelex Xobeh
Okawaru
Ru
Sif Muna
Trog
Uskayaw
Vehumet
Wu Jian
Xom
Yredelemnul
Zin
The Shining One

Shops:
D:6 :   D:11 *

Portals:
Trove: D:12 (give +3 gold dragon scales)

Annotations:
D:8 exclusion: 4 doors


Innate Abilities, Weirdness & Mutations

You are very small and have problems with some larger weapons.
You are too small for most types of armour.
You have supernaturally acute eyesight. (SInv)
You cover ground extremely quickly. (Speed+++)


Message History

You start resting.
You feel your health improve.
You start resting.
You start resting.
A green very ugly thing comes into view.
A green very ugly thing is nearby!
A naga comes into view.
It is wielding a +2 trident of protection.
The naga shouts!
A purple draconian shifter and a green very ugly thing come into view.
The purple draconian shifter roars!
A tormentor comes into view.
A thrashing horror comes into view.
The purple draconian shifter casts a spell.
The purple draconian shifter blinks!
You hear a horrible gurgling sound!
You hear a horrible gurgling sound!
You hear a roar!
You hear a horrible gurgling sound! x3
The naga hits you from afar with a +2 trident of protection!
The tormentor calls on the powers of darkness!
The naga convulses!
Your body is wracked with pain!
* * * LOW HITPOINT WARNING * * *
The green very ugly thing convulses!
The naga hits you from afar with a +2 trident of protection!
* * * LOW HITPOINT WARNING * * *
A green ugly thing comes into view.
A green ugly thing comes into view.
A raiju comes into view.
A raiju comes into view.
A shadow comes into view.
The shadow slips into darkness.
The shadow flickers and vanishes for a moment.
A vampire mage, a green very ugly thing and a large abomination come into view.
The green ugly thing gurgles horribly!
The green very ugly thing gurgles horribly!
You hear a roar!
A flying skull comes into view.
The green very ugly thing basks in the mutagenic energy from its kin and changes!
A raiju comes into view. x2
The raiju bites you.
You die...
Fedhas appreciates your contribution to the ecosystem.

## #....2...#
.......###.#
.... .uq# #2#
....Nu.u# #u#
.q.#X###X##.#
## #.####.#.#
......uV.#
....Wu.h.##
.#.##.#.#@# #
#...# ##..#
h... #h##h .z
.. ... ..
#... ...


You could see 3 very ugly things, a purple draconian shifter, a green ugly
thing, a vampire mage, a large abomination, a tormentor, 4 raiju, a shadow
(invisible) and a flying skull (wandering).

Vanquished Creatures
  A hydra (D:10)
  A boulder beetle (D:11)
  2 centaur warriors (D:10)
  A two-headed ogre (D:10)
  2 tengu warriors (D:10)
  A skeletal warrior (D:10)
  A cyclops (D:10)
  Joseph (D:8)
  A smoke demon (Abyss:4)
  Maggie (D:7)
  Psyche (D:8)
  A komodo dragon (D:10)
  2 trolls (D:12)
  A hornet (D:9)
  3 shadows
  8 yaks
  2 vampires
  3 wraiths (D:10)
  A steam dragon (D:10)
  Grum (D:9)
  2 dancing weapons
  2 black bears (D:4)
  6 orc warriors
  An ice beast (D:5)
  3 centaurs
  3 wolves (D:9)
  A phantom (D:5)
  2 kobold brigands
  5 bullfrogs
  2 scorpions (D:4)
  A necrophage (D:3)
  9 wights
  21 killer bees
  2 electric eels (D:7)
  3 hounds
  A jelly (D:4)
  6 orc priests
  A gnoll bouda (D:7)
  Jessica (D:3)
  5 iguanas
  13 orc wizards
  7 adders
  6 gnolls
  2 shadow imps (D:7)
  A worm (D:3)
  3 dart slugs
  28 orcs
  9 endoplasms
  4 giant cockroaches
  6 goblins
  4 hobgoblins
  11 jackals
  A quokka (D:4)
  6 ball pythons
  5 bats
  A frilled lizard (D:3)
  10 kobolds
  2 rats
231 creatures vanquished.

Vanquished Creatures (collateral kills)
  A two-headed ogre (D:10)
  A wight (D:9)
  A howler monkey (D:10)
  An iguana (D:6)
  6 orcs
  4 kobolds (D:6)
  6 ballistomycete spores (D:10)
20 creatures vanquished.

Vanquished Creatures (others)
  10 dancing weapons
  A howler monkey (D:10)
  11 plants (D:7)
  4 tentacles (Abyss:4)
26 creatures vanquished.

Grand Total: 277 creatures vanquished

Notes
Turn   | Place    | Note
-------+----------+-------------------------------------------
     0 | D:1      | warriortoast the Spriggan Enchanter began the quest for the
                  | Orb.
     0 | D:1      | Reached XP level 1. HP: 9/9 MP: 5/5
   765 | D:1      | Found a faded altar of an unknown god.
   931 | D:1      | Reached XP level 2. HP: 13/13 MP: 6/6
  1011 | D:1      | Learned a level 2 spell: Ensorcelled Hibernation
  1813 | D:1      | Reached skill level 5 in Stealth
  1813 | D:1      | Reached XP level 3. HP: 15/16 MP: 0/8
  1817 | D:1      | Learned a level 3 spell: Confusing Touch
  1821 | D:1      | Learned a level 3 spell: Tukima's Dance
  2723 | D:3      | Noticed a necrophage
  2869 | D:3      | Killed a necrophage
  2870 | D:3      | Reached skill level 1 in Ranged Weapons
  2870 | D:3      | Reached XP level 4. HP: 17/21 MP: 3/10
  3025 | D:3      | Reached XP level 5. HP: 12/24 MP: 3/11
  3626 | D:3      | Noticed Jessica
  3633 | D:3      | Killed Jessica
  4391 | D:4      | Noticed a black bear
  4398 | D:4      | Killed a black bear
  4399 | D:4      | Reached skill level 6 in Stealth
  4399 | D:4      | Reached XP level 6. HP: 28/28 MP: 11/13
  5083 | D:4      | Reached skill level 5 in Hexes
  5146 | D:4      | Reached XP level 7. HP: 32/32 MP: 7/14
  5784 | D:4      | Reached skill level 5 in Dodging
  6007 | D:4      | Reached skill level 7 in Stealth
  6202 | D:5      | Entered Level 5 of the Dungeon
  6202 | D:5      | Found a basalt altar of Yredelemnul.
  6244 | D:5      | Reached skill level 5 in Spellcasting
  6651 | D:5      | Found a staircase to the Ecumenical Temple.
  6661 | Temple   | Entered the Ecumenical Temple
  6719 | Temple   | Became a worshipper of Fedhas Madash
  6814 | D:5      | Found a shadowy altar of Dithmenos.
  6885 | D:6      | Found Xozogiaz's Book Shoppe.
  7075 | D:6      | Reached XP level 8. HP: 36/36 MP: 13/16
  8243 | D:7      | Reached * piety under Fedhas
  8255 | D:6      | Reached skill level 8 in Stealth
  8392 | D:7      | Found a broken altar of Ashenzari.
  8396 | D:7      | Found a shimmering altar of Xom.
  9273 | D:7      | Reached skill level 5 in Short Blades
  9297 | D:7      | Noticed Maggie
  9309 | D:7      | Killed Maggie
  9310 | D:7      | Reached XP level 9. HP: 29/39 MP: 15/19
  9425 | D:7      | Reached skill level 9 in Stealth
 10058 | D:7      | Reached ** piety under Fedhas
 10059 | D:7      | Reached skill level 5 in Ranged Weapons
 11428 | D:8      | Noticed Joseph
 11445 | D:8      | Killed Joseph
 11446 | D:8      | Reached skill level 10 in Stealth
 11620 | D:8      | HP: 1/39 [yak (15)]
 12724 | D:7      | Found a white marble altar of Elyvilon.
 14344 | D:8      | Found a radiant altar of Vehumet.
 14350 | D:8      | Learned a level 3 spell: Ignite Poison
 14354 | D:8      | Learned a level 3 spell: Mephitic Cloud
 14383 | D:8      | Reached XP level 10. HP: 36/44 MP: 17/22
 14390 | D:8      | Reached skill level 1 in Evocations
 14394 | D:8      | Reached skill level 1 in Invocations
 14476 | D:8      | Found an opulent altar of Gozag.
 14803 | D:9      | Noticed Psyche
 14909 | D:8      | Killed Psyche
 14910 | D:8      | Reached skill level 11 in Stealth
 14910 | D:8      | Reached skill level 1 in Poison Magic
 15007 | D:9      | Reached skill level 1 in Fighting
 15077 | D:9      | Found a staircase to the Orcish Mines.
 15897 | D:9      | Noticed Grum
 15908 | D:9      | Learned a level 3 spell: Dazzling Flash
 15914 | D:9      | Learned a level 5 spell: Silence
 16292 | D:9      | Killed Grum
 16292 | D:9      | Reached *** piety under Fedhas
 16902 | D:9      | Found a staircase to the Lair.
 16912 | D:9      | You are sucked into a shaft and drop 3 floors!
 16972 | D:12     | Found a portal to a secret trove of treasure.
 17155 | D:11     | Noticed a boulder beetle
 17239 | D:11     | Found Xomisua's General Store.
 17252 | D:11     | Noticed a two-headed ogre
 17583 | D:11     | Killed a boulder beetle
 17655 | D:10     | Entered Level 10 of the Dungeon
 17828 | D:10     | Found a shimmering blue altar of Sif Muna.
 18256 | D:9      | Identified 2 scrolls of acquirement
 18256 | D:9      | Acquired the ring "Lola" {rElec rCorr AC+4}
 18258 | D:9      | Acquired a +3 quick blade
 18591 | D:9      | Reached XP level 11. HP: 35/51 MP: 22/24
 19483 | D:10     | Reached skill level 12 in Stealth
 19502 | D:10     | Noticed a tengu warrior
 19503 | D:10     | Noticed a centaur warrior
 19594 | D:10     | Killed a tengu warrior
 19806 | D:10     | Killed a centaur warrior
 20217 | D:10     | Reached **** piety under Fedhas
 20233 | D:10     | Reached skill level 5 in Evocations
 20265 | D:10     | Noticed a two-headed ogre
 20279 | D:10     | Killed a two-headed ogre
 20422 | D:10     | Noticed a centaur warrior
 20428 | D:10     | Noticed a wizard
 20437 | D:10     | Killed a centaur warrior
 20446 | D:10     | Noticed a two-headed ogre
 20446 | D:10     | Identified the +7 glaive of Valiance {venom, rPois rN+
                  | Str+2}
 20446 | D:10     | Noticed a tengu warrior
 20561 | D:10     | Killed a two-headed ogre
 20729 | D:10     | Reached skill level 10 in Dodging
 20729 | D:10     | Noticed a seven-headed hydra
 20980 | D:10     | Killed a seven-headed hydra
 21169 | D:10     | Killed a tengu warrior
 21337 | D:10     | Noticed a skeletal warrior
 21511 | D:10     | Killed a skeletal warrior
 21512 | D:10     | Reached skill level 13 in Stealth
 21930 | Abyss:2  | Cast into level 2 of the Abyss (a wizard)
 21958 | Abyss:2  | Noticed a death drake
 21980 | Abyss:2  | Noticed a deep elf demonologist
 21991 | Abyss:2  | Noticed an Executioner
 22015 | Abyss:3  | Noticed a thrashing horror
 22017 | Abyss:3  | Noticed a thrashing horror
 22096 | Abyss:4  | Noticed a kraken
 22099 | Abyss:4  | Noticed a tentacled starspawn
 22134 | Abyss:4  | Noticed a ghost crab
 22136 | Abyss:4  | Noticed a fire crab
 22137 | Abyss:4  | Noticed a spectral anaconda
 22139 | Abyss:4  | Noticed a spectral dire elephant
 22142 | Abyss:4  | Noticed a spectral quicksilver dragon
 22144 | Abyss:4  | Noticed a large abomination
 22172 | Abyss:4  | Noticed a large abomination
 22333 | Abyss:4  | Noticed a green very ugly thing
 22338 | Abyss:4  | Noticed a purple draconian shifter
 22338 | Abyss:4  | Noticed a green very ugly thing
 22338 | Abyss:4  | Noticed a thrashing horror
 22342 | Abyss:4  | HP: 2/53 [naga/+2 trident of protection (9)]
 22343 | Abyss:4  | Noticed a green ugly thing
 22344 | Abyss:4  | Noticed a green ugly thing
 22354 | Abyss:4  | Noticed a vampire mage
 22354 | Abyss:4  | Noticed a green very ugly thing
 22356 | Abyss:4  | Slain by a raiju

Illustrated notes

Levels and vault maps discovered:
D:1:      dpeg_arrival_simpleton_b, layout_loops_ring,
          dreamdust_ecumenical_altar_grove, chequers_serial_rivers_small_3
D:2:      layout_loops_ring
D:3:      layout_loops_corners, uniq_jessica
D:4:      minmay_polygon_palace, layout_basic
D:5:      layout_rooms, yredelemnul_altar_generic, kennysheep_mini,
          minmay_temple_entry_wispy
D:6:      layout_basic, serial_shops, shop
D:7:      layout_basic, mainiacjoe_overflow_surrounded_room,
          nicolae_elyvilon_temple_path, lemuel_crystal_altar,
          serial_park_tiny_2, uniq_maggie
D:8:      layout_loops_ring, mainiacjoe_overflow_six_doors_small,
          nicolae_vehumet_altar_sigil, amcnicky_mini_pool_small, uniq_joseph
D:9:      layout_small_grid, lair_entry_dummy, orc_0_dummy, uniq_grum,
          uniq_psyche
D:10:     minmay_the_grid_square_5x5_3x3 [minmay_the_grid_square_5x5_bracketed,
          minmay_the_grid_square_5x5_empty,
          minmay_the_grid_square_5x5_spiral_small,
          minmay_the_grid_square_5x5_three_small,
          minmay_the_grid_square_5x5_megaprize_diamond,
          minmay_the_grid_square_5x5_forky,
          minmay_the_grid_square_5x5_broken_cross,
          minmay_the_grid_square_5x5_misaligned,
          minmay_the_grid_square_5x5_comb], layout_basic,
          nicolae_sif_muna_little_library, nicolae_overflow_hidden_temple,
          st_stairs_4
D:11:     layout_basic, serial_shops, nicolae_shop_waterfront
D:12:     layout_cave_pods, nicolae_trove_entry_columns, minivault_14
Temple:   dshaligram_water_room_temple
Abyss:4:  base: D:10, bh_abyss_exit_choice, minivault_25,
          hangedman_abyss_monster_moat,
          evilmike_nicolae_abyss_rune_betentacled_crabyss,
          evilmike_nicolae_abyss_rune_betentacled_crabyss,
          evilmike_abyss_exit_15, evilmike_abyss_rune_elephants_shrine

Skill      XL: |  1  2  3  4  5  6  7  8  9 10 11 |
---------------+----------------------------------+-----
Dodging        | 3 4 5 6 8 9 10 | 10.0
Spellcasting   | 3 4 5 6 7 8 |  8.0
Stealth        | 5 6 7 8 10 11 13 | 13.1
Hexes          | 4 5 6 8 9 |  9.4
Short Blades   | 2 3 4 5 |  5.0
Ranged Weapons | 1 2 3 4 6 7 |  7.8
Evocations     | 4 5 |  5.0
Invocations    | 3 4 |  4.9
Poison Magic   | 3 4 |  4.8
Fighting       | 2 4 |  4.0

Action                   |  1- 3 |  4- 6 |  7- 9 | 10-12 || total
-------------------------+-------+-------+-------+-------++-------
Melee: Dagger            |    80 |    76 |   309 |   126 ||   591
       Punch             |       |     1 |     5 |     6 ||    12
       Quick blade       |       |       |       |   152 ||   152
 Fire: Sling             |    27 |    11 |       |       ||    38
       Shortbow          |       |       |    39 |   129 ||   168
 Cast: Ensorcelled Hiber |     6 |     9 |    40 |    15 ||    70
       Confusing Touch   |     1 |     8 |    58 |    61 ||   128
       Tukima's Dance    |       |     2 |     7 |    27 ||    36
Invok: Wall of Briars    |       |       |       |     2 ||     2
       Grow Ballistomyce |       |       |       |     1 ||     1
Evoke: Wand              |       |       |       |     3 ||     3
  Use: Scroll            |       |       |     7 |    13 ||    20
       Potion            |       |       |       |     3 ||     3
 Stab: Sleeping          |     9 |    22 |    30 |    17 ||    78
       Confused          |     1 |     5 |    41 |    49 ||    96
       Distracted        |       |     1 |     1 |       ||     2
       Invisible         |       |       |       |     1 ||     1
Armor: Robe              |    13 |     5 |     7 |    12 ||    37
       Steam dragon scal |       |       |       |    13 ||    13
Dodge: Dodged            |    83 |    40 |   206 |   237 ||   566
